 Dungeon Crawl Stone Soup version 0.30-a0-1043-g60ff8d5f49 (webtiles) character file.

Game seed: 8353478703811524898

1856 Maxmaps the Martial Artist (level 8, 0/58 HPs)
             Began as a Demonspawn Monk on Apr 10, 2023.
             Was an Initiate of Gozag.
             Succumbed to a scorpion's poison
             ... on level 6 of the Dungeon.
             The game lasted 00:07:32 (5114 turns).

Maxmaps the Martial Artist (Demonspawn Monk)        Turns: 5114, Time: 00:07:34

Health: 0/58       AC:  9    Str: 15 (18) XL:     8   Next: 89%
Magic:  8/8        EV: 13    Int: 14      God:    Gozag
Gold:   571        SH:  0    Dex: 19 (21) Spells: 7/7 levels left

rFire   + . .      SeeInvis .    b - +0 dagger (venom)
rCold   + . .      Faith    .    (no shield)
rNeg    . . .      Spirit   .    s - +0 scale mail
rPois   +          Reflect  .    (no helmet)
rElec   +          Rampage  .    o - +1 cloak
rCorr   +                        (no gloves)
Will    .....                    (no boots)
Stlth   +                        l - amulet of the acrobat
HPRegen 0.29/turn                u - +6 ring of strength
MPRegen 0.11/turn                w - +6 ring of dexterity

@: mighty, lethally poisoned (0 -> -4), resistant, gold aura
A: claws 1, repulsion field 1, demonic guardian 1, ignite blood 2
a: Renounce Religion, Potion Petition, Call Merchant, Bribe Branch


You were on level 6 of the Dungeon.
You worshipped Gozag.
Gozag was pleased with you.
You visited 2 branches of the dungeon, and saw 7 of its levels.

You collected 571 gold pieces.

Inventory:

Hand Weapons
 b - a +0 dagger of venom (weapon)
Armour
 o - a +1 cloak (worn)
 s - a +0 scale mail (worn)
Jewellery
 l - an amulet of the acrobat (around neck)
 m - a ring of fire
 u - a +6 ring of strength (left claw)
 w - a +6 ring of dexterity (right claw)
Wands
 q - a wand of flame (17)
Scrolls
 a - a scroll of amnesia {unknown}
 c - 5 scrolls of identify {unknown}
 e - 2 scrolls of teleportation {unknown}
 f - a scroll of blinking {unknown}
 h - 3 scrolls of poison {unknown}
 j - a scroll of immolation {unknown}
 n - a scroll of fear {unknown}
 r - 3 scrolls of magic mapping {unknown}
 v - a scroll of brand weapon {unknown}
Potions
 p - a potion of degeneration


   Skills:
 - Level 3.1 Fighting
 - Level 3.3 Short Blades
 - Level 5.0 Armour
 - Level 3.0 Dodging
 - Level 1.7 Stealth
 + Level 8.7 Unarmed Combat


You had 7 spell levels left.
You didn't know any spells.
Your spell library contained the following spells:

 Spells                   Type           Power      Damage    Failure   Level
 Ignite Poison            Fire/Tmut/Pois 0%         N/A       97%         3
 Sticky Flame             Conj/Fire      0%         2d3       100%        4
 Ignition                 Fire           0%         3d3       100%        8


Dungeon Overview and Level Annotations

Branches:
Dungeon (6/15)             Temple (1/1) D:4

Altars:
Ashenzari
Dithmenos
Fedhas
Gozag
Kikubaaqudgha
Makhleb
Nemelex Xobeh
Okawaru
Qazlal
Ru
Sif Muna
Trog
Uskayaw
Vehumet
Wu Jian
Xom
Yredelemnul


Innate Abilities, Weirdness & Mutations

You have sharp fingernails.
You are surrounded by a mild repulsion field. (EV +2)
A weak demonic guardian rushes to your aid.
Your demonic aura often causes spilled blood to erupt in flames.


Message History

Your white imp gestures at the orc warrior.
The puff of frost hits the orc warrior but does no damage.
Aiming: Throw Flame
Press: ? - help, Shift-Dir - straight line, f/p - orc warrior
Aim: an orc warrior, wielding a +0 war axe and wearing a +0 chain mail (almost dead, not watching you, ally target, 64% to hit)
The puff of flame hits the orc warrior!
You kill the orc warrior!
You feel your intelligence returning.
You open the door.
You feel less attractive to monsters.
There is an open door here.
A scorpion comes into view.
You swap places.
There is an open door here.
You start resting.
A scorpion is nearby!
The scorpion stings your white imp.
Your white imp hits the scorpion.
Your white imp freezes the scorpion.
Your white imp disappears in a puff of smoke!
You barely miss the scorpion.
The scorpion is heavily wounded.
The scorpion stings you.
* * * LOW HITPOINT WARNING * * *
You are lethally poisoned!
The scorpion poisons you!
You barely miss the scorpion.
The scorpion is heavily wounded.
* * * LOW HITPOINT WARNING * * *
You feel sick. The scorpion closely misses you.
You hit the scorpion.
The scorpion is poisoned.
The scorpion is almost dead.
* * * LOW HITPOINT WARNING * * *
You feel sick. The scorpion barely misses you.
Okay, then.
Aiming: Throw Flame
Press: ? - help, Shift-Dir - straight line, f - scorpion
Aim: a scorpion (almost dead, very poisoned, 68% to hit)
The puff of flame hits the scorpion.
You kill the scorpion!
You die...
Your body crumbles into a pile of gold.

.........~.~.~..$...$............
.................................
...........+.))..................
####.########.####..##....####'##
####.## ####.####..####### #
......# #...........#
......#..#.....$.$...#
......#..#.......$...#
......#..#......@)$.>#
##...##..##.####$##'##
##...##..##+####.# .#
.(.<......s......# .
.................# ..
.................# ..
............<....# ...
#.#####.##..###### .. #.##..#


There were no monsters in sight!

Vanquished Creatures
  An orc warrior (D:6)
  An ogre (D:4)
  A centaur (D:5)
  Blork the orc (D:4)
  2 phantoms (D:5)
  2 bullfrogs (D:6)
  5 scorpions
  A howler monkey (D:6)
  3 hounds (D:5)
  2 orc priests (D:4)
  Crazy Yiuf (D:3)
  A sleepcap (D:6)
  5 iguanas
  6 orc wizards
  2 gnolls (D:3)
  8 adders
  A white imp (D:6)
  An ufetubus (D:5)
  A worm (D:2)
  2 dart slugs
  14 orcs
  7 ball pythons
  4 bats
  4 endoplasms
  A giant cockroach (D:3)
  7 hobgoblins
  3 jackals (D:1)
  3 kobolds
  3 quokkas
  7 frilled lizards
  4 goblins
  3 rats
107 creatures vanquished.

Vanquished Creatures (collateral kills)
  A centaur (D:6)
  2 scorpions (D:6)
  2 orc priests (D:6)
  A hound (D:4)
  A gnoll (D:3)
  An adder (D:3)
  An orc (D:6)
9 creatures vanquished.

Grand Total: 116 creatures vanquished

Notes
Turn   | Place    | Note
-------+----------+-------------------------------------------
     0 | D:1      | Maxmaps the Demonspawn Monk began the quest for the Orb.
     0 | D:1      | Reached XP level 1. HP: 18/18 MP: 1/1
    41 | D:1      | Reached skill level 3 in Unarmed Combat
   204 | D:1      | Gained mutation: A weak demonic guardian rushes to your
                  | aid. [demonic ancestry]
   204 | D:1      | Reached XP level 2. HP: 4/24 MP: 2/2
   484 | D:1      | Reached skill level 1 in Short Blades
   906 | D:2      | Gained mutation: Your demonic aura sometimes causes spilled
                  | blood to erupt in flames. [demonic ancestry]
   906 | D:2      | Reached XP level 3. HP: 14/29 MP: 3/3
  1807 | D:3      | Found a faded altar of an unknown god.
  1853 | D:3      | Reached XP level 4. HP: 22/35 MP: 4/4
  1957 | D:3      | Found a runed translucent door.
  1958 | D:3      | Noticed Crazy Yiuf
  1967 | D:3      | Killed Crazy Yiuf
  1968 | D:3      | Reached skill level 1 in Armour
  1968 | D:3      | Gained mutation: You are surrounded by a mild repulsion
                  | field. (EV +2) [demonic ancestry]
  1968 | D:3      | Reached XP level 5. HP: 18/41 MP: 5/5
  2429 | D:4      | HP: 2/41 [something/magic dart (7)]
  2448 | D:4      | Gained mutation: Your demonic aura often causes spilled
                  | blood to erupt in flames. [demonic ancestry]
  2448 | D:4      | Reached XP level 6. HP: 20/47 MP: 6/6
  2671 | D:4      | You fall into a shaft and drop 1 floor!
  2671 | D:5      | Entered Level 5 of the Dungeon
  2755 | D:5      | Reached skill level 5 in Armour
  2767 | D:5      | HP: 2/47 [adder (2)]
  2920 | D:5      | Found an ancient bone altar of Kikubaaqudgha.
  2929 | D:5      | Gained mutation: You have sharp fingernails. [demonic
                  | ancestry]
  2929 | D:5      | Reached XP level 7. HP: 52/52 MP: 7/7
  2965 | D:4      | Found a staircase to the Ecumenical Temple.
  2976 | Temple   | Entered the Ecumenical Temple
  3156 | Temple   | Became a worshipper of Gozag Ym Sagoz the Greedy
  3241 | D:4      | Noticed Blork the orc
  3259 | D:4      | Killed Blork the orc
  3286 | D:4      | Reached skill level 4 in Unarmed Combat
  3469 | D:4      | Reached skill level 5 in Unarmed Combat
  3853 | D:5      | Reached XP level 8. HP: 21/58 MP: 8/8
  4156 | D:5      | Reached skill level 6 in Unarmed Combat
  4782 | D:6      | Found a stormy altar of Qazlal.
  4865 | D:6      | Reached skill level 7 in Unarmed Combat
  5070 | D:6      | Reached skill level 8 in Unarmed Combat
  5113 | D:6      | HP: 1/58 [poisoned by a scorpion]
  5114 | D:6      | Succumbed to a scorpion's poison

Illustrated notes

Levels and vault maps discovered:
D:1:      scummos_arrival_simple_fountains, layout_basic,
          chequers_serial_rivers_micro_e
D:2:      layout_loops_ring, nicolae_concentric_dashed_squares_mild,
          kennysheep_crisscross
D:3:      layout_rooms, nicolae_elyvilon_peaceful_grove,
          dreamdust_ecumenical_altar_sealed_demon, uniq_crazy_yiuf_cottage
D:4:      layout_cave_pools, minmay_temple_entry_proselytizer,
          uniq_blork_the_orc
D:5:      layout_basic, overflow_temple_1_default, kennysheep_nondescript
D:6:      layout_gridville, nicolae_qazlal_scattered_showers, st_stairs_11
Temple:   eino_temple_rhombus

Skill      XL: |  1  2  3  4  5  6  7  8 |
---------------+-------------------------+-----
Unarmed Combat | 3 5 8 |  8.7
Dodging        | 3 |  3.0
Short Blades   | 1 2 3 |  3.3
Armour         | 1 3 5 |  5.0
Fighting       | |  3.1
Stealth        | |  1.7

Action                     |  1- 3 |  4- 6 |  7- 9 || total
---------------------------+-------+-------+-------++-------
  Melee: Unarmed           |    38 |       |       ||    38
         Punch             |     5 |     7 |     5 ||    17
         Dagger            |    97 |   139 |   285 ||   521
  Evoke: Wand              |       |       |     6 ||     6
    Use: Potion            |     1 |     3 |     9 ||    13
   Stab: Sleeping          |     3 |       |       ||     3
         Distracted        |       |       |     1 ||     1
 Armour: Robe              |    19 |       |       ||    19
         Ring mail         |     9 |    21 |       ||    30
         Scale mail        |       |    53 |    93 ||   146
  Dodge: Dodged            |   117 |   114 |   207 ||   438

Table legend: (Time is in decaauts)
 A = Elapsed time spent in this place.
 B = Non-inter-level travel time spent in this place.
 C = Inter-level travel time spent in this place.
 D = Time resting spent in this place.
 E = Time spent auto-exploring this place.
 F = Levels seen in this place.
 G = Mean time per level.
                   A        B        C        D        E       F      G
               +--------+--------+--------+--------+--------+-----+--------+
         Total |   5032 |   4869 |    163 |    435 |   3337 |   7 |  718.9 |
       Dungeon |   4841 |   4696 |    145 |    435 |   3177 |   6 |  806.8 |
        Temple |    191 |    173 |     18 |      0 |    160 |   1 |  191.0 |
               +--------+--------+--------+--------+--------+-----+--------+

Top non-repeatable levels by time:
     D:5: 1338 daAuts
     D:2: 842 daAuts
     D:4: 840 daAuts
     D:3: 735 daAuts
     D:1: 726 daAuts
     D:6: 358 daAuts
  Temple: 191 daAuts
